cohdb
Replays
Latest Replays
All Replays
Popular Replays
Top Player Replays
Match Explorer
How It Works
Community
CoH3 Stats
Reddit
Sign in to upload your games and track your stats! →
Sign in with Steam
Match 44374374
Unlisted
Match 44374374
Overview
Messages
Build Orders
End
Construct Barracks
Riflemen Squad
Riflemen Squad
M1 Mortar Team
Riflemen Squad
Grenade Package
Air Support Center
Construct Weapon Support Center
M3 Armored Personnel Carrier
P-47 Strafing Run
Engineer Squad
Construct Motor Pool
Grasshopper Recon Run
M8 Greyhound Armored Car
P-47 Strafing Run
Grasshopper Recon Run
M1 Anti-tank Gun Team
P-47 Strafing Run
Riflemen Squad
Construct Tank Depot
P-47 Strafing Run
P-47 Strafing Run
Selects Armored Battlegroup
Selects Fast Deploy
Selects Seek and Destroy
Selects UNKNOWN (2160077)
Selects Assault Engineers
Selects Field Repairs
Selects War Machine
M4A3E8 Sherman Easy Eight
Grasshopper Recon Run
Assault Engineer Squad
P-47 Dive Bomb
M3 Armored Personnel Carrier
Grasshopper Recon Run
Arturokq
backuplife
daniel0482
cockmeatsandwich
0
0
Comments
sign in to comment!
No comments posted yet!